Map: Frozen Temple

Players

DarkStar - Winner!

  • Race: Zerg Zerg
  • League: Gold
  • Spawn Location: 5:00

Fropez

  • Race: Protoss Protoss
  • League: Gold
  • Spawn Location: 11:00

VOD

Have the link to the VOD?

Description

Time

  • Played on: Sept. 27, 2016, 6:14 p.m.
  • Length: 19:45
Show
View Real Time Build Order
Export as new Build Order

DarkStar Zerg - Winner!

Build Orders: Hatch First 

Get SALT Encoding   

  12  0:07  Drone x2  
  14  0:36  Hatchery  
  14  0:39  Drone  
  14  0:55  Spawning Pool  
  13  0:59  Drone  
  14  1:07  Overlord  
  14  1:25  Drone  
  14  1:26  Drone x2  
  17  1:43  Zergling x2  
  18  1:48  Extractor  
  18  1:50  Drone x2  
  18  1:52  Queen  
  21  1:55  Queen  
  21  1:59  Drone  
  24  2:07  Drone  
  25  2:24  Drone x3  
  25  2:28  Overlord  
  28  2:31  Overlord  
  28  2:48  Drone x3  
  31  2:58  Drone  
  31  2:59  Drone  
  31  3:02  Metabolic Boost  
  33  3:06  Drone x2  
  34  3:26  Extractor, Spore Crawler  
  32  3:28  Spore Crawler  
  32  3:29  Drone x5  
  32  3:30  Drone  
  32  3:31  Overlord  
  37  3:37  Queen  
  37  3:39  Drone x2  
  37  3:40  Drone x2  
  43  3:56  Hatchery  
  43  4:02  Drone x2  
  44  4:04  Overlord x2  
  44  4:05  Drone  
  45  4:10  Evolution Chamber  
  45  4:12  Lair  
  44  4:18  Extractor  
  43  4:28  Zergling x2  
  43  4:29  Zergling x8  
  48  4:33  Spine Crawler  
  48  4:36  Spine Crawler  
  46  4:39  Spine Crawler  
  46  4:41  Spine Crawler  
  39  5:12  Zergling x4  
  39  5:13  Zergling x8  
  43  5:47  Drone  
  43  5:48  Drone x8  
  49  6:08  Spine Crawler  
  49  6:10  Spine Crawler  
  47  6:11  Spore Crawler  
  47  6:12  Drone  
  47  6:13  Drone x6  
  53  6:23  Hydralisk Den  
  53  6:24  Spire  
  51  6:31  Extractor, Drone  
  51  6:32  Drone x6  
  57  6:34  Overseer  
  57  6:40  Queen  
  57  6:41  Spore Crawler  
  57  6:42  Queen  
  57  6:43  Spine Crawler  
  59  6:53  Drone x3  
  59  6:54  Drone x4  
  63  6:55  Drone x5  
  63  7:00  Extractor  
  63  7:01  Extractor  
  69  7:04  Zerg Missile Weapons Level 1  
  69  7:09  Hatchery  
  69  7:11  Evolution Chamber  
  69  7:12  Roach Warren  
  69  7:14  Spine Crawler  
  65  7:17  Spore Crawler  
  65  7:20  Spore Crawler  
  63  7:37  Hydralisk x5  
  63  7:40  Overlord x5  
  73  7:48  Spine Crawler x2  
  71  7:56  Spine Crawler  
  70  8:03  Overlord x4  
  70  8:05  Hydralisk  
  70  8:06  Hydralisk x4  
  80  8:22  Drone x4  
  80  8:23  Drone x3  
  88  8:48  Drone  
  88  8:49  Overlord x2, Drone x2  
  88  8:50  Overlord, Drone x2  
  88  8:51  Drone x2  
  88  8:55  Drone x3  
  88  9:27  Spine Crawler  
  88  9:28  Spine Crawler  
  84  9:32  Spine Crawler  
  83  9:46  Mutalisk x6  
  83  9:47  Mutalisk x5  
  105  10:04  Spine Crawler  
  105  10:06  Spore Crawler  
  103  10:14  Spore Crawler x2  
  103  10:15  Drone x3  
  103  10:16  Drone x3  
  103  10:18  Overseer x3  
  103  10:19  Overseer  
  107  10:28  Infestation Pit, Zerg Missile Weapons Level 2  
  106  10:30  Zerg Melee Weapons Level 1  
  106  10:34  Zerg Flyer Weapons Level 1  
  106  10:36  Muscular Augments  
  106  10:37  Glial Reconstitution  
  106  10:58  Hatchery  
  105  11:05  Mutalisk x12  
  128  11:25  Spine Crawler  
  125  11:26  Spine Crawler  
  121  11:58  Overlord x2  
  115  12:10  Roach x9  
  115  12:11  Hydralisk x2  
  137  12:20  Drone  
  138  12:30  Drone x2  
  138  12:31  Drone x2  
  142  12:37  Extractor  
  142  12:38  Hatchery  
  142  12:39  Extractor  
  135  12:53  Roach  
  135  12:54  Roach x9  
  112  13:30  Mutalisk x2  
  112  13:31  Mutalisk x5  
  112  13:32  Mutalisk x5  
  136  14:00  Spine Crawler  
  136  14:01  Spine Crawler x2  
  133  14:14  Drone x3  
  133  14:15  Drone x9  
  145  14:25  Spire  
  144  15:06  Drone x3  
  144  15:07  Drone x16  
  127  15:44  Mutalisk  
  127  15:45  Mutalisk x15  
  139  16:02  Extractor  
  139  16:03  Extractor  
  133  16:19  Hive  
  133  16:20  Zerg Flyer Weapons Level 2  
  133  16:26  Zerg Flyer Armor Level 1  
  133  16:28  Zerg Melee Weapons Level 2  
  133  16:29  Zerg Ground Armor Level 1  
  133  16:35  Spore Crawler  
  132  16:53  Spine Crawler  
  131  16:55  Spore Crawler x2  
  131  16:56  Spine Crawler  
  131  16:57  Spore Crawler  
  131  16:58  Spine Crawler, Spore Crawler  
  131  16:59  Overlord x4  
  125  17:13  Zergling x16  
  125  17:14  Zergling x16  
  135  17:56  Hatchery  
  135  17:57  Roach x7  
  135  17:58  Roach x8  
  152  18:16  Ultralisk Cavern  
  151  18:25  Baneling Nest  
  150  18:33  Greater Spire  
  150  18:43  Roach x11  
  150  18:44  Roach x4  
  179  19:02  Hatchery  
  178  19:12  Zergling x2  
  178  19:13  Zergling x18  
Show
View Real Time Build Order
Export as new Build Order

Fropez Protoss 

Build Orders:  

Get SALT Encoding   

  12  0:00  Probe (Chrono Boost)  
  13  0:11  Probe (Chrono Boost)  
  14  0:18  Pylon  
  14  0:21  Probe (Chrono Boost)  
  15  0:29  Assimilator  
  15  0:39  Gateway  
  15  0:42  Probe (Chrono Boost)  
  16  0:52  Probe (Chrono Boost)  
  17  1:00  Pylon  
  17  1:03  Probe (Chrono Boost)  
  18  1:13  Probe (Chrono Boost)  
  18  1:17  Pylon  
  19  1:19  Assimilator  
  19  1:24  Probe (Chrono Boost)  
  20  1:35  Probe (Chrono Boost)  
  20  1:38  Cybernetics Core  
  21  1:55  Gateway  
  21  2:03  Gateway  
  21  2:19  Probe (Chrono Boost)  
  22  2:31  Warp Gate (Chrono Boost)  
  22  2:34  Mothership Core  
  23  2:50  Adept x3  
  29  2:56  Probe  
  30  3:08  Probe  
  31  3:18  Nexus  
  31  3:29  Pylon  
  31  3:36  Adept  
  31  3:39  Adept  
  35  3:46  Adept  
  37  3:50  Probe  
  38  4:02  Probe  
  39  4:14  Probe  
  40  4:21  Adept x2  
  40  4:24  Adept  
  44  5:08  Probe  
  44  5:09  Probe  
  44  5:18  Adept x3, Probe  
  47  5:21  Probe  
  46  5:30  Gateway  
  46  5:31  Twilight Council, Robotics Facility  
  46  5:41  Twilight Council  
  42  5:57  Adept x2  
  42  5:58  Adept  
  42  6:02  Gateway x2  
  48  6:05  Probe  
  48  6:06  Assimilator  
  48  6:08  Assimilator  
  48  6:10  Probe  
  49  6:18  Warp Prism  
  50  6:21  Resonating Glaives (Chrono Boost)  
  50  6:23  Probe  
  50  6:25  Probe  
  54  6:35  Pylon, Probe x2  
  56  6:46  Probe  
  56  6:48  Probe  
  58  7:00  Adept  
  58  7:01  Adept x5  
  70  7:29  Pylon  
  70  7:32  Pylon  
  70  7:34  Pylon  
  70  7:36  Pylon  
  70  7:37  Pylon  
  70  7:50  Adept  
  70  7:51  Adept x5  
  78  7:54  Probe  
  83  8:02  Probe  
  84  8:08  Nexus  
  84  8:23  Adept  
  84  8:24  Adept x3  
  84  8:25  Adept x2  
  84  8:26  Probe  
  96  8:27  Probe  
  98  8:37  Pylon  
  98  8:39  Pylon, Forge  
  98  8:44  Stalker  
  86  9:33  Probe  
  86  9:35  Probe  
  74  9:40  Robotics Facility  
  74  9:42  Dark Shrine  
  74  9:44  Probe  
  74  9:45  Gateway  
  74  9:47  Probe  
  74  9:48  Assimilator  
  74  9:50  Assimilator  
  74  9:52  Pylon  
  76  9:54  Probe  
  76  9:55  Pylon  
  76  9:57  Gateway  
  76  9:59  Probe, Protoss Ground Weapons Level 1 (Chrono Boost)  
  78  10:01  Immortal  
  78  10:06  Probe  
  83  10:07  Pylon  
  83  10:11  Probe  
  83  10:13  Probe  
  84  10:16  Pylon  
  84  10:18  Probe  
  86  10:24  Adept x5  
  86  10:25  Adept  
  98  10:31  Probe x2  
  98  10:34  Probe, Immortal  
  105  10:43  Probe  
  106  11:00  Adept x6  
  106  11:01  Adept  
  116  11:23  Blink (Chrono Boost)  
  114  11:26  Stalker  
  114  11:27  Stalker x6  
  114  11:28  Stalker  
  118  11:50  Protoss Ground Armor Level 1 (Chrono Boost)  
  118  11:57  Stalker x4  
  118  11:58  Stalker x2  
  118  11:59  Stalker x2  
  134  12:15  Immortal  
  138  12:16  Immortal  
  142  12:30  Adept x6  
  142  12:31  Adept x2  
  126  13:02  Adept x3  
  126  13:03  Adept x5  
  98  13:23  Nexus  
  98  13:24  Pylon  
  66  13:45  Immortal x2  
  74  13:57  Zealot x5  
  74  13:58  Zealot x3  
  74  14:00  Probe x2  
  92  14:32  Immortal  
  92  14:34  Stalker x4  
  102  14:49  Stalker  
  102  14:50  Stalker x3  
  110  15:04  Stalker x2  
  110  15:05  Stalker x2  
  89  15:31  Stalker x3  
  89  15:32  Stalker x4  
  89  15:33  Stalker  
  88  16:00  Nexus  
  88  16:15  Nexus, Stalker x5  
  88  16:16  Stalker  
  99  16:40  Assimilator  
  99  16:41  Assimilator  
  99  16:44  Pylon  
  99  16:48  Pylon  
  99  16:53  Stalker x3  
  99  16:54  Stalker x3  
  107  17:01  Pylon  
  111  17:07  Forge  
  110  17:28  Stalker x4  
  110  17:29  Stalker x2  
  120  17:53  Stalker x4  
  120  17:57  Probe  
  128  17:58  Probe  
  116  18:16  Stalker x2  
  118  18:29  Nexus  
  118  18:30  Probe  
  119  18:45  Nexus  
  93  19:37  Stalker x4  
  93  19:38  Stalker x2  
Tags
 
League
GoldGold
Matchup
PvZ
Replay Pack
All Mines
Spawn Locations
Cross Positions
Add a new tag
Caveats
  • Supply blocks, unpowered buildings, or Contaminate may cause inaccurate times.
  • Supply counts are checked every 10 seconds.